Map: [ESL] Gresvan

Players

Dark

  • Race: Zerg Zerg
  • Spawn Location: 11:00

Solar - Winner!

  • Race: Zerg Zerg
  • Spawn Location: 5:00

Event: ESL SC2 Masters 2023 Summer (Finals)

VOD

Have the link to the VOD?

Description

Time

  • Played on: June 18, 2023, 6:26 a.m.
  • Length: 22:24

All games in this series

Show
View Real Time Build Order
Export as new Build Order

Dark Zerg 

Build Orders: Hatch First, Lurkers 

Get SALT Encoding   

  12  0:00  Drone  
  13  0:12  Overlord  
  13  0:17  Drone  
  14  0:30  Drone x2  
  16  0:48  Hatchery  
  15  0:51  Drone  
  15  0:55  Drone  
  17  0:58  Drone  
  18  1:10  Extractor  
  17  1:13  Spawning Pool  
  17  1:16  Drone  
  17  1:19  Drone  
  18  1:28  Drone  
  19  1:38  Drone  
  20  1:49  Drone  
  21  2:00  Queen x2  
  21  2:01  Overlord, Zergling x2  
  26  2:12  Drone x2  
  26  2:14  Metabolic Boost  
  28  2:22  Drone x2  
  30  2:33  Hatchery  
  30  2:35  Zergling x2  
  30  2:40  Drone  
  31  2:48  Baneling Nest  
  31  2:50  Overlord  
  31  2:51  Drone  
  31  2:57  Drone  
  32  3:06  Drone x3  
  32  3:09  Drone x2  
  32  3:10  Drone  
  32  3:11  Drone  
  39  3:13  Drone  
  39  3:17  Overlord  
  40  3:23  Zergling x2  
  40  3:26  Queen  
  43  3:28  Zergling x2  
  43  3:32  Baneling  
  44  3:35  Extractor  
  44  3:37  Zergling x2  
  44  3:38  Zergling x2  
  44  3:39  Baneling, Zergling x4  
  47  3:45  Zergling x2  
  47  3:47  Roach Warren  
  47  3:54  Zergling x8  
  51  3:58  Drone x2  
  53  4:06  Overlord x2  
  53  4:11  Baneling x2  
  53  4:16  Overlord  
  53  4:28  Roach x6  
  65  4:32  Roach  
  65  4:34  Drone  
  65  4:35  Roach  
  69  4:41  Roach x2  
  72  4:49  Roach x2  
  72  4:50  Roach  
  72  4:52  Drone x2  
  79  4:54  Drone  
  79  4:55  Drone  
  81  5:00  Drone  
  81  5:03  Overlord  
  81  5:06  Evolution Chamber  
  81  5:09  Lair  
  81  5:10  Drone  
  82  5:18  Overlord  
  82  5:20  Overlord  
  82  5:24  Drone x4  
  82  5:26  Drone x2  
  89  5:28  Drone  
  89  5:29  Drone  
  89  5:34  Overlord  
  89  5:35  Overlord  
  90  5:39  Drone x2  
  92  5:43  Drone x3  
  92  5:45  Drone  
  92  5:48  Drone x2  
  92  5:49  Drone  
  99  5:54  Drone x3  
  99  5:57  Drone x2  
  103  6:01  Zerg Missile Weapons Level 1, Extractor  
  103  6:02  Extractor x2  
  103  6:03  Drone  
  101  6:04  Extractor  
  101  6:06  Pneumatized Carapace  
  101  6:10  Drone x3  
  101  6:11  Drone x2  
  105  6:12  Drone  
  105  6:15  Glial Reconstitution  
  105  6:16  Overseer  
  105  6:18  Drone x2  
  108  6:21  Roach x2  
  108  6:22  Roach  
  108  6:24  Roach  
  116  6:28  Roach  
  116  6:29  Roach  
  116  6:30  Overlord  
  116  6:32  Overlord  
  120  6:37  Overlord  
  120  6:38  Overlord  
  120  6:39  Overlord  
  120  6:44  Overlord  
  120  6:54  Roach x3, Hatchery  
  120  6:55  Roach x2  
  129  7:03  Queen  
  129  7:04  Queen, Infestation Pit  
  133  7:15  Drone  
  133  7:17  Spore Crawler  
  133  7:20  Drone x2  
  133  7:22  Spore Crawler  
  133  7:23  Roach  
  133  7:24  Roach x5  
  133  7:26  Spore Crawler, Ravager  
  133  7:27  Ravager  
  133  7:29  Drone  
  147  7:30  Spore Crawler  
  147  7:33  Queen  
  148  7:45  Pathogen Glands  
  148  7:46  Roach x7  
  159  7:55  Drone x5  
  159  7:56  Drone  
  158  8:01  Ravager x2  
  158  8:03  Zerg Missile Weapons Level 2  
  161  8:09  Overlord x2  
  161  8:10  Overlord x3  
  161  8:20  Overlord  
  161  8:21  Overlord  
  161  8:27  Overlord  
  161  8:28  Infestor  
  161  8:29  Infestor x2  
  161  8:30  Ravager x2  
  161  8:31  Roach x2  
  173  8:37  Roach x2  
  173  8:40  Ravager  
  177  8:42  Roach  
  177  8:46  Roach  
  177  8:50  Roach x2  
  170  8:56  Roach x6  
  170  9:01  Roach  
  171  9:02  Ravager  
  171  9:03  Ravager x2  
  171  9:05  Roach  
  176  9:16  Drone  
  177  9:24  Roach x10  
  185  9:30  Infestor  
  175  9:33  Roach  
  177  9:38  Roach  
  177  9:39  Roach x3  
  177  9:43  Ravager  
  186  9:52  Drone x2  
  188  9:58  Roach x2  
  179  10:00  Hatchery  
  179  10:02  Roach  
  179  10:04  Roach x2  
  180  10:10  Queen x2  
  180  10:12  Roach  
  176  10:16  Roach x5  
  176  10:17  Roach  
  176  10:18  Ravager x2  
  176  10:19  Overlord x2  
  188  10:26  Roach  
  188  10:27  Roach x2  
  192  10:28  Overlord  
  192  10:31  Ravager  
  192  10:32  Zerg Ground Armor Level 1  
  192  10:34  Overlord x2  
  183  10:50  Roach x3  
  183  10:51  Roach  
  183  10:56  Roach x2  
  183  10:59  Queen  
  183  11:01  Ravager  
  183  11:04  Roach x2  
  188  11:08  Ravager  
  188  11:11  Drone  
  190  11:12  Hydralisk Den  
  190  11:13  Roach x3  
  190  11:17  Ravager x2  
  197  11:22  Roach  
  197  11:23  Drone  
  198  11:42  Roach x5  
  182  11:49  Roach x10  
  200  11:56  Spore Crawler  
  200  11:59  Lurker Den  
  200  12:00  Drone x2  
  200  12:01  Extractor  
  199  12:02  Extractor  
  199  12:07  Burrow, Tunneling Claws  
  198  12:09  Drone x2  
  198  12:13  Overlord  
  200  12:25  Hive  
  200  12:26  Spine Crawler  
  200  12:28  Zerg Ground Armor Level 2  
  199  12:39  Overseer  
  199  12:47  Overseer  
  199  13:04  Drone  
  196  13:11  Roach  
  196  13:12  Roach x10  
  197  13:19  Roach x9  
  187  13:27  Roach x6  
  199  13:34  Hydralisk  
  197  13:41  Hydralisk  
  199  13:55  Adaptive Talons  
  193  14:04  Hydralisk x5  
  195  14:13  Hatchery  
  182  14:20  Hydralisk, Overseer x2  
  181  14:30  Hydralisk x3  
  164  14:41  Lurker x3  
  154  14:46  Hydralisk x4  
  154  14:47  Hydralisk x7  
  154  14:52  Seismic Spines  
  172  14:53  Roach  
  172  14:56  Lurker x5  
  173  15:06  Drone x2  
  175  15:22  Hydralisk x2  
  175  15:25  Drone x4  
  175  15:27  Drone  
  182  15:29  Lurker x4  
  186  15:38  Drone  
  186  15:40  Roach x6, Overseer  
  186  15:41  Roach x7  
  186  15:42  Roach  
  187  15:50  Drone  
  187  15:51  Drone x2  
  187  15:52  Spore Crawler x2, Lurker x2  
  187  15:53  Drone  
  187  15:55  Roach x14  
  187  15:56  Lurker x2  
  193  16:00  Extractor, Drone, Lurker  
  193  16:01  Extractor  
  193  16:03  Drone x7  
  200  16:15  Roach x2  
  200  16:16  Roach x7  
  200  16:17  Roach x4  
  198  16:27  Roach x9  
  198  16:30  Drone x2  
  200  16:39  Hydralisk x3  
  182  16:40  Hydralisk x3  
  182  16:47  Hydralisk x3  
  194  16:51  Roach  
  194  16:52  Roach, Lurker  
  194  16:53  Lurker x3  
  198  16:55  Hydralisk x3  
  198  16:56  Hydralisk  
  194  17:01  Hydralisk  
  194  17:02  Hydralisk  
  188  17:09  Hydralisk x2  
  189  17:16  Lurker  
  189  17:20  Lurker  
  175  17:25  Roach x2  
  175  17:29  Hydralisk x3  
  168  17:31  Lurker  
  168  17:34  Drone x2, Queen  
  179  17:40  Hydralisk  
  173  17:53  Hydralisk x3  
  175  18:01  Overseer x2  
  168  18:18  Lurker x6  
  170  18:27  Overseer  
  170  18:28  Hydralisk x3  
  170  18:29  Hydralisk  
  160  18:40  Overseer  
  153  18:50  Hydralisk x2  
  153  18:52  Overseer  
  153  18:53  Drone x2  
  153  18:54  Drone  
  151  18:56  Hydralisk x2  
  151  18:58  Hydralisk x6  
  151  18:59  Lurker  
  151  19:01  Lurker  
  148  19:06  Lurker x2  
  138  19:25  Lurker x3  
  141  19:38  Hydralisk x3  
  141  19:39  Hydralisk  
  141  19:41  Lurker  
  150  19:56  Hydralisk  
  149  20:05  Hydralisk  
  139  20:08  Overseer x2  
  139  20:10  Hydralisk x4  
  129  20:16  Hatchery  
  123  20:23  Lurker x2  
  125  20:34  Overseer  
  107  20:53  Lurker  
  107  20:54  Extractor, Lurker  
  107  20:55  Hydralisk x3  
  109  20:57  Hydralisk  
  102  21:25  Roach x7  
  106  21:33  Roach x2  
  82  21:53  Lurker  
Show
View Real Time Build Order
Export as new Build Order

Solar Zerg - Winner!

Build Orders: Hatch First, Lurkers 

Get SALT Encoding   

  12  0:00  Drone  
  13  0:12  Overlord  
  13  0:17  Drone  
  14  0:30  Drone x2  
  16  0:47  Hatchery  
  15  0:50  Drone  
  15  0:54  Drone  
  17  0:57  Drone  
  18  1:08  Extractor  
  17  1:12  Spawning Pool  
  17  1:15  Drone  
  17  1:18  Drone  
  18  1:28  Drone  
  19  1:39  Drone  
  20  1:50  Drone  
  21  1:59  Queen  
  21  2:00  Queen, Zergling x2  
  26  2:03  Overlord  
  26  2:10  Drone  
  26  2:11  Drone  
  26  2:12  Metabolic Boost  
  28  2:22  Drone x2  
  30  2:32  Hatchery  
  30  2:35  Drone  
  30  2:41  Drone  
  30  2:43  Drone  
  32  2:48  Overlord  
  32  2:51  Baneling Nest  
  31  2:53  Zergling x2  
  31  2:55  Zergling x2  
  33  3:04  Drone x2  
  35  3:08  Zergling x4  
  35  3:10  Zergling x2  
  35  3:11  Zergling x2  
  40  3:12  Drone  
  40  3:13  Drone  
  41  3:22  Roach Warren  
  41  3:24  Drone  
  41  3:27  Overlord  
  41  3:30  Drone  
  41  3:31  Drone  
  43  3:34  Baneling  
  43  3:39  Drone  
  44  3:43  Overlord  
  44  3:46  Queen  
  46  3:51  Drone x3  
  46  3:53  Extractor, Drone  
  46  3:55  Drone x2  
  50  3:59  Drone  
  50  4:00  Drone  
  50  4:01  Drone  
  53  4:05  Drone  
  53  4:07  Roach  
  53  4:08  Extractor, Baneling  
  55  4:12  Baneling x2  
  55  4:14  Roach x2  
  59  4:19  Roach x2  
  59  4:22  Overlord  
  63  4:28  Roach  
  63  4:30  Overlord  
  65  4:35  Evolution Chamber  
  65  4:36  Overlord  
  65  4:37  Drone x2  
  65  4:41  Drone x2  
  65  4:43  Lair  
  67  4:55  Drone x3  
  67  4:57  Drone  
  67  4:58  Roach  
  73  5:02  Zerg Missile Weapons Level 1  
  73  5:03  Roach x3  
  79  5:07  Drone  
  79  5:08  Overlord  
  79  5:10  Drone  
  83  5:14  Roach x2  
  83  5:18  Roach x2  
  88  5:22  Overlord  
  88  5:23  Overlord  
  88  5:25  Drone  
  90  5:28  Drone  
  90  5:29  Drone x2  
  90  5:32  Extractor  
  90  5:33  Extractor, Drone x3  
  90  5:34  Drone  
  94  5:38  Drone x3  
  94  5:40  Drone  
  98  5:46  Spire  
  98  5:49  Extractor  
  96  5:50  Drone x3  
  96  5:52  Drone x2  
  96  5:56  Overlord  
  101  6:02  Drone x2, Overseer  
  101  6:03  Drone x2  
  101  6:04  Roach x2  
  107  6:07  Overlord  
  109  6:14  Hatchery  
  109  6:16  Overlord  
  108  6:18  Overlord  
  108  6:21  Roach  
  108  6:24  Roach x2  
  114  6:25  Overlord  
  114  6:32  Overlord  
  114  6:35  Drone x3  
  117  6:42  Overlord  
  116  6:58  Mutalisk x6  
  116  6:59  Zerg Missile Weapons Level 2  
  116  7:00  Roach x5  
  138  7:04  Roach x4  
  138  7:08  Overlord  
  146  7:09  Roach x2  
  146  7:11  Roach  
  146  7:14  Roach x2  
  156  7:17  Roach  
  156  7:20  Roach  
  160  7:23  Roach x3  
  166  7:30  Roach  
  166  7:32  Queen  
  166  7:33  Roach x2  
  166  7:34  Roach  
  176  7:39  Roach x3  
  176  7:40  Overlord  
  176  7:41  Glial Reconstitution  
  176  7:43  Overlord  
  182  7:44  Overlord  
  182  7:51  Roach x2  
  178  7:56  Roach x3  
  182  7:59  Roach x3  
  182  8:00  Roach  
  182  8:02  Ravager  
  191  8:06  Extractor  
  191  8:07  Drone  
  191  8:09  Roach x4  
  199  8:51  Roach x5  
  199  8:55  Roach x10  
  199  8:57  Roach x2  
  199  8:58  Roach x2  
  199  9:00  Roach  
  199  9:02  Ravager  
  196  9:14  Ravager  
  196  9:16  Roach x3  
  183  9:24  Roach x9  
  183  9:25  Roach  
  183  9:29  Roach  
  181  9:34  Roach x2, Zerg Ground Armor Level 1  
  181  9:38  Roach x2  
  189  9:39  Infestation Pit  
  189  9:40  Ravager x2  
  189  9:41  Drone, Hatchery  
  189  9:42  Extractor  
  189  9:45  Ravager  
  190  9:46  Hydralisk Den  
  190  9:48  Roach x5  
  199  9:59  Roach x2  
  199  10:05  Roach x3  
  195  10:10  Roach x7  
  183  10:16  Roach x9  
  183  10:20  Roach x2  
  193  10:28  Roach, Hive  
  193  10:29  Roach  
  197  10:37  Lurker Den  
  197  10:38  Drone x2  
  197  10:40  Ravager  
  199  10:46  Roach x3  
  199  10:49  Roach x2, Extractor  
  192  10:50  Roach  
  192  10:54  Roach x2  
  192  10:55  Roach  
  192  10:56  Roach x5  
  186  10:59  Roach  
  186  11:00  Roach  
  186  11:03  Roach  
  184  11:08  Drone  
  184  11:09  Drone  
  184  11:10  Drone x2  
  188  11:14  Roach x2  
  188  11:15  Roach  
  188  11:16  Drone  
  195  11:28  Roach x2  
  197  11:36  Lurker Den  
  194  11:43  Hydralisk x8  
  185  11:47  Roach x3  
  169  11:56  Seismic Spines  
  169  11:58  Hydralisk x2  
  169  12:00  Extractor  
  172  12:01  Hydralisk  
  172  12:06  Hydralisk x2  
  174  12:22  Lurker x8  
  182  12:25  Overseer  
  182  12:34  Adaptive Talons  
  182  12:36  Lurker  
  183  12:37  Roach x2  
  183  12:38  Roach x3  
  183  12:43  Hydralisk x2  
  197  12:45  Lurker  
  197  12:49  Pneumatized Carapace  
  197  12:51  Overseer  
  197  13:05  Roach x2  
  198  13:16  Roach x6  
  196  13:21  Roach, Zerg Missile Weapons Level 3  
  198  13:31  Roach x2  
  199  13:38  Spine Crawler  
  198  13:53  Hydralisk  
  198  13:54  Hydralisk  
  198  13:55  Overlord x2  
  194  13:56  Overlord  
  194  13:59  Overlord  
  184  14:07  Hydralisk x9  
  196  14:13  Hydralisk x3  
  197  14:18  Hydralisk x2  
  197  14:19  Hydralisk  
  197  14:22  Roach  
  197  14:24  Roach x2  
  197  14:29  Roach x3  
  197  14:33  Roach x2  
  197  14:36  Roach x2  
  197  14:38  Roach  
  189  14:41  Lurker x3  
  179  14:47  Overseer  
  167  14:53  Lurker x5  
  167  14:55  Lurker  
  167  14:56  Viper x2  
  179  15:04  Viper x2  
  182  15:10  Hydralisk  
  182  15:11  Hydralisk x2  
  188  15:17  Roach x3  
  178  15:28  Viper x2  
  178  15:29  Viper  
  187  15:36  Hydralisk  
  187  15:37  Hydralisk x2  
  187  15:38  Roach  
  195  15:45  Roach x2  
  195  15:47  Overseer x2  
  199  16:01  Spore Crawler x2  
  197  16:04  Muscular Augments  
  197  16:07  Overseer x2  
  197  16:12  Overseer x2  
  196  16:34  Hydralisk  
  192  16:43  Hydralisk x4  
  199  16:59  Overseer x4  
  173  17:16  Grooved Spines  
  173  17:18  Hydralisk x10  
  173  17:20  Roach  
  194  17:24  Drone x5  
  194  17:28  Drone x5  
  194  17:29  Overseer x2  
  196  17:31  Drone x3  
  191  18:02  Viper x2  
  189  18:06  Lurker x2  
  189  18:07  Lurker x5  
  189  18:11  Hydralisk x2  
  192  18:33  Hydralisk x4  
  199  18:48  Hydralisk x3  
  188  19:13  Overlord  
  188  19:17  Overlord  
  188  19:22  Overlord  
  182  19:27  Overlord  
  182  19:28  Hatchery  
  182  19:31  Overlord  
  181  19:33  Roach  
  181  19:35  Lurker  
  184  19:42  Roach  
  186  19:50  Roach x2  
  165  20:00  Roach x2  
  168  20:09  Roach  
  168  20:12  Overseer  
  167  20:18  Roach  
  169  20:28  Hydralisk  
  169  20:30  Roach  
  169  20:31  Overseer  
  153  20:51  Roach x4  
  158  20:58  Roach x2  
  158  21:03  Roach  
  161  21:15  Roach  
Tags
 
Add a new tag
Caveats
  • Supply blocks, unpowered buildings, or Contaminate may cause inaccurate times.
  • Supply counts are checked every 10 seconds.